 Dungeon Crawl Stone Soup version 0.22.1-2-g9c5b331383 (webtiles) character file.

137 Adamkad1 the Charmwright (level 5, -14/35 HPs)
             Began as a Halfling Skald on Dec 19, 2018.
             Was a Follower of Wu Jian.
             Killed by divine providence
             ... invoked by an orc priest
              (15 damage)
             ... on level 3 of the Dungeon.
             The game lasted 00:05:32 (2543 turns).

Adamkad1 the Charmwright (Halfling Skald)           Turns: 2543, Time: 00:05:32

Health: -14/35     AC:  4    Str: 12    XL:     5   Next: 44%
Magic:  8/8        EV: 15    Int: 11    God:    Wu Jian [*.....]
Gold:   158        SH:  0    Dex: 15    Spells: 3/8 levels left

rFire    . . .     SeeInvis .   a - +1 falchion
rCold    . . .     Gourm    .   (shield restricted)
rNeg     . . .     Faith    .   b - +0 leather armour
rPois    .         Spirit   .   (no helmet)
rElec    .         Reflect  .   (no cloak)
rCorr    .         Harm     .   (no gloves)
MR       .....                  c - +0 pair of boots
Stlth    ++........             n - amulet of rage
HPRegen  0.11/turn              h - ring of stealth
MPRegen  0.11/turn              k - ring of wizardry

@: no status effects
A: small, mutation resistance 1
a: Renounce Religion, Evoke Berserk Rage


You were on level 3 of the Dungeon.
You worshipped Wu Jian.
Wu Jian was aware of your devotion.
You were hungry.

You visited 1 branch of the dungeon, and saw 3 of its levels.

You collected 158 gold pieces.

Inventory:

Hand Weapons
 a - a +1 falchion (weapon)
 m - a +0 hunting sling
Missiles
 q - 35 stones (quivered)
Armour
 b - a +0 leather armour (worn)
 c - a +0 pair of boots (worn)
Jewellery
 h - a ring of stealth (left hand)
 k - a ring of wizardry (right hand)
 l - an uncursed ring of magical power {unknown}
 n - an amulet of rage (around neck)
Wands
 j - a wand of polymorph (15)
Scrolls
 f - 2 scrolls of remove curse
 g - a scroll of enchant weapon
 r - a scroll of immolation {unknown}
Potions
 e - 3 potions of brilliance
 i - a potion of haste {unknown}
 o - a potion of heal wounds {unknown}
 p - 2 potions of degeneration {unknown}
Comestibles
 d - 3 rations
 s - 3 chunks of flesh


   Skills:
 * Level 2.6 Fighting
 * Level 2.9 Long Blades
 + Level 1.7 Armour
 * Level 3.0 Dodging
 + Level 2.1 Spellcasting
 * Level 4.0 Charms
 + Level 0.0 Translocations


You had 3 spell levels left.
You knew the following spells:

 Your Spells              Type           Power        Failure   Level  Hunger
a - Infusion              Chrm           #...         2%          1    ##.....
b - Shroud of Golubria    Chrm/Tloc      #.........   10%         2    ###....
c - Song of Slaying       Chrm           #.......     4%          2    ###....

Your spell library contained the following spells:

 Spells                   Type           Power        Failure   Level  Hunger
 Regeneration             Chrm/Necr      #.........   19%         3    ####...
 Spectral Weapon          Hex/Chrm       #.......     19%         3    ####...


Dungeon Overview and Level Annotations

Branches:
Dungeon (3/15)

Altars:
Wu Jian

Annotations:
D:3 Jessica


Innate Abilities, Weirdness & Mutations

You are small and have problems with some larger weapons.
You are somewhat resistant to further mutation.


Message History

The orc priest is lightly wounded.
The orc priest hits you.
The orc shouts!
You hit the orc priest but do no damage.
The orc priest is lightly wounded.
The orc priest calls down the wrath of Beogh upon you.
Beogh smites you!
* * * LOW HITPOINT WARNING * * *
Unknown command.
You closely miss the orc priest.
The orc priest is lightly wounded.
The orc priest hits you.
* * * LOW HITPOINT WARNING * * *
Unknown command.
You hit the orc priest.
The orc priest is heavily wounded.
The orc priest looks encouraged for a moment.
The orc priest invokes the aid of Beogh against you.
Beogh smites you!
You die...

##### # ######... .#
#......# ##.## #......#
....#
#########......###....##.
...............)@oo......
##
##############.###.......
#.
.........................
.>
##.........###.#.#.......
#o #........ #.#.#.......
#. #........ #.# #....##.
#. #........ #.# ##... #<
.......... ..# ..o.
......h. .W........ ###
####..#.


You could see an orc priest and an orc.

Vanquished Creatures
  Ijyb (D:3)
  4 adders
  4 dart slugs
  3 leopard geckos
  3 orcs (D:3)
  2 ball pythons
  2 giant cockroaches
  11 goblins
  9 hobgoblins
  3 jackals (D:3)
  3 kobolds
  A quokka (D:2)
  3 bats
  3 frilled lizards
  9 rats (D:1)
61 creatures vanquished.

Notes
Turn   | Place    | Note
-------+----------+-------------------------------------------
     0 | D:1      | Adamkad1 the Halfling Skald began the quest for the Orb.
     0 | D:1      | Reached XP level 1. HP: 14/14 MP: 3/3
   134 | D:1      | Reached XP level 2. HP: 19/19 MP: 4/4
   717 | D:1      | Reached XP level 3. HP: 24/24 MP: 6/6
   746 | D:1      | Learned a level 2 spell: Shroud of Golubria
   749 | D:1      | Learned a level 2 spell: Song of Slaying
  1260 | D:2      | Found an ornate altar of the Wu Jian Council.
  1283 | D:2      | Became a worshipper of the Wu Jian Council
  1307 | D:2      | Reached XP level 4. HP: 24/29 MP: 1/7
  1744 | D:3      | Noticed Jessica
  1779 | D:3      | Noticed a phantom
  1965 | D:3      | Noticed Ijyb
  2027 | D:3      | Killed Ijyb
  2027 | D:3      | Reached XP level 5. HP: 17/35 MP: 5/8
  2313 | D:3      | Reached * piety under Wu Jian
  2496 | D:3      | Reached skill level 4 in Charms
  2542 | D:3      | HP: 1/35 [orc priest (5)]
  2543 | D:3      | Killed from afar by an orc priest

Skill      XL: |  1  2  3  4  5 |
---------------+----------------+-----
Spellcasting   | 2 |  2.1
Fighting       | 2 |  2.6
Dodging        | 3 |  3.0
Charms         | 4 |  4.0
Long Blades    | |  2.9
Armour         | |  1.7

Action                   |  1- 3 |  4- 6 || total
-------------------------+-------+-------++-------
Melee: Falchion          |    97 |    75 ||   172
       Unarmed           |       |    21 ||    21
 Cast: Shroud of Golubri |     2 |     5 ||     7
       Infusion          |     1 |     4 ||     5
       Song of Slaying   |     1 |     3 ||     4
Invok: Lunge             |       |     6 ||     6
       Whirlwind         |       |     1 ||     1
  Use: Scroll            |       |     6 ||     6
 Stab: Sleeping          |     2 |       ||     2
  Eat: Chunk             |     2 |     4 ||     6
Armor: Leather armour    |    16 |    17 ||    33
       Skin              |       |     1 ||     1
Dodge: Dodged            |    86 |    84 ||   170
       Rpst.: Falchion   |    22 |    28 ||    50
